 Dungeon Crawl Stone Soup version 0.26-a0-844-g3dd439832f (webtiles) character file.

Game seed: 11906945390709847469

20 DarkMailMan the Grave Robber (level 2, -5/19 HPs)
             Began as a Vampire Necromancer on Nov 18, 2020.
             Slain by a worm (10 damage)
             ... on level 2 of the Dungeon.
             The game lasted 00:02:39 (1169 turns).

DarkMailMan the Grave Robber (Vampire Necromancer)  Turns: 1169, Time: 00:02:39

Health: -5/19      AC:  2    Str:  7    XL:     2   Next: 58%
Magic:  2/5        EV: 12    Int: 17    God:
Gold:   63         SH:  0    Dex: 14    Spells: 4/5 levels left

rFire    . . .     SeeInvis +   k - +0 dagger
rCold    . . .     Faith    .   (no shield)
rNeg     . . .     Spirit   .   a - +0 robe
rPois    .         Reflect  .   (no helmet)
rElec    .         Harm     .   (no cloak)
rCorr    +         Rampage  .   (no gloves)
MR       .....                  (no boots)
Stlth    ++........             (no amulet)
HPRegen  0.26/turn              l - ring of resist corrosion
MPRegen  0.09/turn              (no ring)

@: regenerating quickly
A: fangs 3, see invisible, unbreathing
a: Exsanguinate


You were on level 2 of the Dungeon.
You visited 1 branch of the dungeon, and saw 2 of its levels.

You collected 63 gold pieces.

Inventory:

Hand Weapons
 k - a +0 dagger (weapon)
Armour
 a - a +0 robe (worn)
Jewellery
 l - a ring of resist corrosion (left hand)
Scrolls
 b - 3 scrolls of identify {unknown}
 e - a scroll of enchant armour {unknown}
 g - a scroll of noise {unknown}
 h - a scroll of fog {unknown}
 j - a scroll of teleportation {unknown}
Potions
 c - a potion of curing {unknown}
 d - a potion of heal wounds {unknown}
 f - a potion of berserk rage {unknown}
 i - a potion of brilliance {unknown}


   Skills:
 + Level 2.2 Dodging
 + Level 3.0 Stealth
 + Level 2.4 Spellcasting
 + Level 4.9 Necromancy


You had 4 spell levels left.
You knew the following spells:

 Your Spells              Type           Power        Failure   Level
a - Pain                  Necr           ###.         2%          1

Your spell library contained the following spells:

 Spells                   Type           Power        Failure   Level
 Animate Skeleton         Necr           ###...       2%          1
 Vampiric Draining        Necr           ###.......   8%          3
 Animate Dead             Necr           ###.......   24%         4
 Agony                    Necr           ###.....     56%         5


Dungeon Overview and Level Annotations

Branches:
Dungeon (2/15)

Altars:


Innate Abilities, Weirdness & Mutations

Your natural rate of healing is unusually fast.
You have razor-sharp teeth.
You have supernaturally acute eyesight. (SInv)
You can survive without breathing.


Message History

You don't have enough magic to cast that spell.
Unknown command.
A rat comes into view.
There are no items here.
You see here 6 gold pieces.
You now have 63 gold pieces (gained 6).
A bat comes into view.
The bat misses you.
You miss the bat. The bat hits you but does no damage.
A hobgoblin comes into view.
The bat barely misses you.
You barely miss the bat. The bat hits you. The bat barely misses you.
The bat hits you.
You hit the bat but do no damage. The bat hits you but does no damage.
The bat barely misses you.
You hit the bat but do no damage. The bat barely misses you. The bat hits you.
* * * LOW HITPOINT WARNING * * *
The worm bites you!
Ouch! That really hurt!
You die...

.g# ... #.#
#.# #.# .#
#.# .r.##
#b## #...##
#@.#
#...###w#
#.....#
##.#### #..#
. ##.## ..#
#..#
###...####.##
#(###...#..#


You could see a worm, a hobgoblin (asleep) and a bat.

Vanquished Creatures
  5 bats (D:1)
  2 goblins (D:1)
  A hobgoblin (D:1)
  2 jackals (D:2)
  5 kobolds
  A ball python (D:1)
  2 rats (D:1)
18 creatures vanquished.

Notes
Turn   | Place    | Note
-------+----------+-------------------------------------------
     0 | D:1      | DarkMailMan the Vampire Necromancer began the quest for the
                  | Orb.
     0 | D:1      | Reached XP level 1. HP: 13/13 MP: 3/3
   350 | D:1      | Reached XP level 2. HP: 16/19 MP: 0/5
  1169 | D:2      | Slain by a worm

Illustrated notes

Levels and vault maps discovered:
D:1:      minmay_arrival_stone_box, layout_loops_ring
D:2:      minmay_skewed_foursquare, layout_loops_ring, good_gods_temple_1

Action                   || total
-------------------------++-------
Melee: Unarmed           ||     6
       Dagger            ||    13
       Bite              ||     1
 Cast: Pain              ||    34
Armor: Robe              ||     4
Dodge: Dodged            ||    28

Table legend: (Time is in decaauts)
 A = Elapsed time spent in this place.
 B = Non-inter-level travel time spent in this place.
 C = Inter-level travel time spent in this place.
 D = Time resting spent in this place.
 E = Time spent auto-exploring this place.
 F = Levels seen in this place.
 G = Mean time per level.
                   A        B        C        D        E       F      G
               +--------+--------+--------+--------+--------+-----+--------+
         Total |   1167 |   1085 |     82 |     55 |    748 |   2 |  583.5 |
       Dungeon |   1167 |   1085 |     82 |     55 |    748 |   2 |  583.5 |
               +--------+--------+--------+--------+--------+-----+--------+

Top non-repeatable levels by time:
     D:1: 1036 daAuts
     D:2: 131 daAuts
